 Dungeon Crawl Stone Soup version 0.27-a0-1202-ge72e49191c (webtiles) character file.

Game seed: 11799731969134292040

25 polve the Cutter (level 2, -2/24 HPs)
             Began as a Demonspawn Abyssal Knight on June 4, 2021.
             Was a Follower of Lugonu.
             Slain by a kobold
             ... wielding a +2 whip of electrocution
              (4 damage)
             ... on level 1 of the Dungeon.
             The game lasted 00:00:57 (1236 turns).

polve the Cutter (Demonspawn Abyssal Knight)        Turns: 1236, Time: 00:00:57

Health: -2/24      AC:  4    Str: 12    XL:     2   Next: 82%
Magic:  3/3        EV: 11    Int: 13    God:    Lugonu [*.....]
Gold:   30         SH:  0    Dex: 12    Spells: 1/1 levels left

rFire    . . .     SeeInvis .   a - +1 short sword
rCold    . . .     Faith    .   (no shield)
rNeg     . . .     Spirit   .   b - +0 leather armour
rPois    .         Reflect  .   (helmet restricted)
rElec    .         Harm     .   h - +0 cloak
rCorr    +         Rampage  .   (no gloves)
Will     .....                  (no boots)
Stlth    +.........             (no amulet)
HPRegen  0.08/turn              f - ring of resist corrosion
MPRegen  0.08/turn              (no ring)

@: no status effects
A: horns 1
a: Renounce Religion, Depart the Abyss


You were on level 1 of the Dungeon.
You worshipped Lugonu.
Lugonu was aware of your devotion.
You visited 1 branch of the dungeon, and saw 1 of its levels.
You visited the Abyss 1 time.

You collected 30 gold pieces.

Inventory:

Hand Weapons
 a - a +1 short sword (weapon)
Armour
 b - a +0 leather armour (worn)
 h - a +0 cloak (worn)
Jewellery
 f - a ring of resist corrosion (left hand)
Scrolls
 d - a scroll of teleportation {unknown}
Potions
 c - a potion of attraction {unknown}
 e - 2 potions of ambrosia {unknown}
 g - a potion of curing {unknown}


   Skills:
 - Level 3.0 Fighting
 + Level 3.1 Short Blades
 - Level 1.7 Armour
 - Level 0.8 Dodging
 - Level 2.4 Invocations


You had one spell level left.
You didn't know any spells.
Your spell library contained the following spells:

 Spells                   Type           Power      Damage    Failure   Level
 Beastly Appendage        Tmut           0%         N/A       36%         1
 Wereblood                Tmut           0%         N/A       52%         2
 Spider Form              Tmut/Pois      0%         N/A       75%         3
 Ice Form                 Ice/Tmut       0%         N/A       98%         4
 Hydra Form               Tmut           0%         N/A       100%        5


Dungeon Overview and Level Annotations

Branches:
Dungeon (1/15)

Altars:


Innate Abilities, Weirdness & Mutations

You have a pair of small horns on your head.


Message History

You hit the jackal. Your headbutt misses the jackal.
The jackal is heavily wounded.
The jackal closely misses you.
You hit the jackal. You headbutt the jackal.
You kill the jackal!
Lugonu accepts your kill. The goblin hits you with a +0 club.
You hit the goblin.
You kill the goblin!
Lugonu accepts your kill.
You barely miss the jackal. The jackal barely misses you.
The jackal closely misses you.
You barely miss the jackal. The jackal closely misses you.
You closely miss the jackal. Your headbutt misses the jackal.
The jackal completely misses you.
You hit the jackal.
The jackal is heavily wounded.
The jackal completely misses you.
The jackal bites you but does no damage.
You barely miss the jackal. Your headbutt misses the jackal.
The jackal is heavily wounded.
The jackal bites you but does no damage.
You barely miss the jackal.
The jackal is heavily wounded.
The jackal bites you but does no damage.
The jackal bites you.
The jackal bites you but does no damage.
The jackal barely misses you.
You barely miss the jackal. You headbutt the jackal.
You kill the jackal!
Lugonu accepts your kill.
You closely miss the kobold. The kobold misses you.
You barely miss the kobold.
The kobold hits you with a +2 whip of electrocution.
You are electrocuted!
* * * LOW HITPOINT WARNING * * *
You hit the kobold.
The kobold is moderately wounded.
The kobold hits you with a +2 whip of electrocution.
You die...

.................. ##
..................
##. ...>.....#
....... ....
#....)###.....## #...
######.........###...
###.##.#.#..#.....
#g..## #.#....##..
#K####.#......###.
###@####........##..
#...#............[..
#...#.#.............
##...#.#..#..........
#....#.#..#.###.###..
#....#....#.##..# #..
#....#...##.#..#####.
#.####...........# ##
#................# #.


You could see a hobgoblin and a kobold.

Vanquished Creatures
  A dart slug (D:1)
  4 bats (D:1)
  2 hobgoblins (D:1)
  4 jackals (D:1)
  A quokka (D:1)
  5 goblins (D:1)
  A kobold (D:1)
  2 rats (D:1)
20 creatures vanquished.

Notes
Turn   | Place    | Note
-------+----------+-------------------------------------------
     0 | Abyss:1  | polve the Demonspawn Abyssal Knight began the quest for the
                  | Orb.
     0 | Abyss:1  | Reached XP level 1. HP: 18/18 MP: 2/2
    69 | Abyss:1  | Noticed a chaos spawn
   100 | Abyss:1  | Noticed a raiju
   101 | D:1      | Escaped the Abyss
   718 | D:1      | Gained mutation: You have a pair of small horns on your
                  | head. [demonic ancestry]
   718 | D:1      | Reached XP level 2. HP: 18/24 MP: 3/3
   765 | D:1      | Reached * piety under Lugonu
   770 | D:1      | HP: 1/24 [goblin/+0 dagger (2)]
  1236 | D:1      | Slain by a kobold

Illustrated notes

Levels and vault maps discovered:
D:1:      kennysheep_arrival_seaside, layout_rooms,
          shapermc_ecumenical_altar_starsandcircs

Skill      XL: |  1  2 |
---------------+-------+-----
Short Blades   | 2 3 |  3.1
Fighting       | |  3.0
Armour         | |  1.7
Dodging        | |  0.8
Invocations    | |  2.4

Action                   || total
-------------------------++-------
Melee: Short sword       ||    60
       Headbutt          ||     3
Invok: Depart the Abyss  ||     1
Armor: Leather armour    ||    28
Dodge: Dodged            ||    58

Table legend: (Time is in decaauts)
 A = Elapsed time spent in this place.
 B = Non-inter-level travel time spent in this place.
 C = Inter-level travel time spent in this place.
 D = Time resting spent in this place.
 E = Time spent auto-exploring this place.
 F = Levels seen in this place.
 G = Mean time per level.
                   A        B        C        D        E       F      G
               +--------+--------+--------+--------+--------+-----+--------+
         Total |   1234 |   1234 |      0 |      0 |   1029 |   2 |  617.0 |
       Dungeon |   1131 |   1131 |      0 |      0 |    960 |   1 | 1131.0 |
         Abyss |    102 |    102 |      0 |      0 |     69 |   1 |  102.0 |
               +--------+--------+--------+--------+--------+-----+--------+

Top non-repeatable levels by time:
     D:1: 1131 daAuts
 Abyss:1: 102 daAuts
